 Dungeon Crawl Stone Soup version 0.23-a0-643-g9ccc95a (webtiles) character file.

118 Borgoz the Skirmisher (level 5, -2/43 (46) HPs)
             Began as a Ghoul Abyssal Knight on Jan 1, 2019.
             Was a Believer of Lugonu.
             Slain by a worker ant (4 damage)
             ... on level 4 of the Dungeon.
             The game lasted 00:03:28 (1638 turns).

Borgoz the Skirmisher (Ghoul Abyssal Knight)        Turns: 1638, Time: 00:03:29

HP:   -2/43 (46)    AC:  3    Str: 16    XL:     5   Next: 2%
MP:   0/6           EV: 12    Int:  7    God:    Lugonu [**....]
Gold: 64            SH:  0    Dex:  9    Spells: 4/4 levels left

rFire    . . .     SeeInvis .     - Unarmed
rCold    + . .     Gourm    .   (no shield)
rNeg     + + +     Faith    .   a - +0 leather armour
rPois    ∞         Spirit   +   (no helmet)
rElec    .         Reflect  .   (no cloak)
rCorr    .         Harm     .   (no gloves)
MR       .....                  (no boots)
Stlth    +.........             c - amulet of guardian spirit
HPRegen  0.00/turn              (no ring)
MPRegen  0.10/turn              (no ring)

@: rotting
A: rotting body, claws 1, carnivore, cold resistance 1, negative energy
resistance 3, inhibited regeneration, torment resistance, unbreathing
a: Depart the Abyss, Bend Space, Renounce Religion


You were on level 4 of the Dungeon.
You worshipped Lugonu.
Lugonu was pleased with you.
You were not hungry.

You visited 1 branch of the dungeon, and saw 4 of its levels.
You visited the Abyss 1 time.

You collected 64 gold pieces.

Inventory:

Armour
 a - a +0 leather armour (worn)
Jewellery
 c - an amulet of guardian spirit (around neck)
Wands
 m - a wand of clouds (1)
Scrolls
 e - 3 scrolls of remove curse
 g - 4 scrolls of teleportation
 j - a scroll of blinking {unknown}
 l - a scroll of immolation {unknown}
Potions
 f - a potion of magic
Comestibles
 b - 7 rations


   Skills:
 + Level 4.0 Fighting
 + Level 2.5 Armour
 + Level 1.9 Dodging
 + Level 3.1 Unarmed Combat
 + Level 3.0 Invocations


You had 4 spell levels left.
You didn't know any spells.
Your spell library was empty.

Dungeon Overview and Level Annotations

Branches:
Dungeon (4/15)
 Temple: D:4-7

Altars:
Okawaru


Innate Abilities, Weirdness & Mutations

Your body is rotting away.
You thrive on raw meat.
You are immune to poison.
You have sharp fingernails.
You are carnivorous and can eat meat at any time.
Your flesh is cold resistant. (rC+)
You are immune to negative energy. (rN+++)
You do not regenerate when monsters are visible.
You are immune to unholy pain and torment.
You can survive without breathing.


Message History

Found a stone staircase leading down.
The worker ant misses you.
An adder and a worker ant come into view.
The worker ant twitches its antennae in your direction.
The adder hisses angrily.
Found a stone staircase leading down.
A giant cockroach comes into view.
The adder bites you but does no damage. The adder closely misses you.
There is a stone staircase leading down here.
You feel your flesh rotting away. The worker ant bites you.
* * * LOW HITPOINT WARNING * * *
The worker ant closely misses you. The adder bites you but does no damage.
Found 14 gold pieces.
You hear the slow hiss of an avalanche of sand nearby.
The worker ant bites you.
* * * LOW HITPOINT WARNING * * *
The worker ant bites you.
You die...

***** *,,,,,,,,* **,,.##**
#..$.....* **,,*...,**
#........# ** **,,**#...,*
#........# ,***,,+*,*#...*
#........#
,,**,**,∩,*#..##*##........#
,,**,,**,**,,...,..........#
,,***,,***,,*##.###........#
,,****,,*,,**#..@ah........#
,,,***,,,........as.......#* #
**,,,,,,*#####............# #
*****,,***.........o.....# #
***,,*,..##.........>..# #
*,,,,,,#**####.........#######
*,,,*,,,,,,,*#................
*,,,,,,,,,,,*#.........#######
*,,,,,,,,,<,*#.........# #


You could see a hound, 2 worker ants, an orc and a giant cockroach.

Vanquished Creatures
  A scorpion (D:4)
  2 adders
  A worm (D:2)
  A dart slug (D:3)
  An orc (D:3)
  7 bats
  7 giant cockroaches
  3 goblins
  7 hobgoblins
  2 jackals (D:3)
  2 ball pythons
  A frilled lizard (D:1)
  6 kobolds
  3 rats
44 creatures vanquished.

Notes
Turn   | Place    | Note
-------+----------+-------------------------------------------
     0 | Abyss:1  | Borgoz the Ghoul Abyssal Knight began the quest for the
                  | Orb.
     0 | Abyss:1  | Reached XP level 1. HP: 19/19 MP: 1/1
     0 | Abyss:1  | Noticed a mana viper
     0 | Abyss:1  | Noticed an efreet
     1 | Abyss:1  | Noticed a large abomination
     1 | Abyss:1  | Noticed a large abomination
     1 | Abyss:1  | Noticed a tarantella
     1 | Abyss:1  | a mana viper changed into a tarantella
     2 | Abyss:1  | Found a corrupted altar of Lugonu.
     2 | Abyss:1  | Noticed a tentacled starspawn
     2 | Abyss:1  | Noticed a wretched star
     2 | Abyss:1  | Noticed a death drake
     2 | Abyss:1  | a tarantella changed into a death drake
     2 | Abyss:1  | Noticed a tentacled starspawn
     3 | Abyss:1  | Noticed a black draconian knight
     3 | D:1      | Escaped the Abyss
    38 | D:1      | Reached * piety under Lugonu
    38 | D:1      | Reached skill level 1 in Dodging
   102 | D:1      | Reached XP level 2. HP: 23/26 MP: 2/2
   760 | D:2      | Reached XP level 3. HP: 31/31 MP: 3/3
  1140 | D:3      | Reached ** piety under Lugonu
  1220 | D:3      | Found an iron altar of Okawaru.
  1276 | D:3      | Reached XP level 4. HP: 27/40 MP: 1/5
  1552 | D:4      | HP: 1/40 [scorpion (2)]
  1554 | D:4      | Reached skill level 4 in Fighting
  1554 | D:4      | Reached XP level 5. HP: 1/46 MP: 6/6
  1566 | D:4      | Noticed an ogre
  1583 | D:4      | Noticed a phantom
  1636 | D:4      | HP: 2/43 [worker ant (1)]
  1638 | D:4      | Slain by a worker ant

Vault maps used:
D:1:      lemuel_arrival_room
D:3:      overflow_temple_1_default, marbit_many_paths,
          nicolae_overflow_crystal_walls
D:4:      minmay_overflow_temple_hex, first_ration, enter_ossuary_5
Abyss:1:  evilmike_abyss_exit_glass

Skill      XL: |  1  2  3  4 |
---------------+-------------+-----
Dodging        | 1 |  1.9
Armour         | 2 |  2.5
Fighting       | 4 |  4.0
Unarmed Combat | 3 |  3.1
Invocations    | 3 |  3.0

Action                   |  1- 3 |  4- 6 || total
-------------------------+-------+-------++-------
Melee: Unarmed           |   139 |    36 ||   175
       Punch             |     1 |       ||     1
Invok: Depart the Abyss  |     1 |       ||     1
  Use: Potion            |       |     2 ||     2
       Scroll            |       |     4 ||     4
  Eat: Chunk             |     8 |     5 ||    13
Armor: Leather armour    |    45 |     6 ||    51
Dodge: Dodged            |   101 |    20 ||   121

Table legend:
 A = Non-vault XP
 B = Vault XP
 C = Vault XP percentage of total XP
 D = Non-vault monster count
 E = Vault monster count
 F = Vault count percentage of total count
                 A         B        C        D         E       F
            +---------+---------+-------+---------+---------+-------
      Total |     169 |       0 |   0.0 |      44 |       0 |   0.0
            +---------+---------+-------+---------+---------+-------
        D:1 |      33 |       0 |   0.0 |      19 |       0 |   0.0
        D:2 |      32 |       0 |   0.0 |      12 |       0 |   0.0
        D:3 |      34 |       0 |   0.0 |      12 |       0 |   0.0
        D:4 |      70 |       0 |   0.0 |       1 |       0 |   0.0
            +---------+---------+-------+---------+---------+-------
